 Dungeon Crawl Stone Soup version 0.24.0-37-gcf1ca852f1 (webtiles) character file.

Game seed: 17868079220936098754, levelgen mode: deterministic

196 FishyPogo the Charmwright (level 5, 0/43 HPs)
             Began as a Gnoll Skald on Dec 7, 2019.
             Was a Believer of Yredelemnul.
             Slain by a river rat (8 damage)
             ... in a sewer.
             The game lasted 00:08:55 (2318 turns).

FishyPogo the Charmwright (Gnoll Skald)             Turns: 2318, Time: 00:08:55

Health: 0/43       AC: 10    Str: 15    XL:     5   Next: 75%
Magic:  8/12       EV: 14    Int: 15    God:    Yredelemnul [**....]
Gold:   137        SH:  4    Dex: 14    Spells: 3/14 levels left

rFire    . . .     SeeInvis .   a - +1 falchion
rCold    . . .     Gourm    .   j - +0 buckler
rNeg     . . .     Faith    .   b - +0 leather armour
rPois    .         Spirit   .   (no helmet)
rElec    .         Reflect  .   i - +0 cloak
rCorr    .         Harm     .   (no gloves)
MR       .....                  (no boots)
Stlth    ++........             (no amulet)
HPRegen  1.14/turn              r - ring of flight
MPRegen  0.13/turn              s - +6 ring of protection

@: singing (expiring), regenerating
A: distributed training, fangs 1, strong nose
a: Animate Remains, Recall Undead Slaves, Injury Mirror, Renounce Religion,
Evoke Flight


You were in a sewer.
You worshipped Yredelemnul.
Yredelemnul was pleased with you.
You were hungry.

You visited 1 branch of the dungeon, and saw 5 of its levels.
You also visited: Sewer.

You collected 137 gold pieces.

Inventory:

Hand Weapons
 a - a +1 falchion (weapon)
Missiles
 g - 40 stones (quivered)
 n - 26 poisoned darts
Armour
 b - a +0 leather armour (worn)
 i - a +0 cloak (worn)
 j - a +0 buckler (worn)
Jewellery
 m - an uncursed ring of wizardry
 r - a ring of flight (left hand)
 s - a +6 ring of protection (right hand)
Scrolls
 h - 3 scrolls of identify {unknown}
 k - a scroll of remove curse
 p - a scroll of enchant weapon
Potions
 c - a potion of might {unknown}
 e - a potion of degeneration {unknown}
 l - a potion of invisibility {unknown}
 o - a potion of magic
 q - a potion of agility
 t - a potion of curing {unknown}
 u - a potion of mutation {unknown}
Comestibles
 d - 7 rations
 f - 7 chunks of flesh


   Skills:
 + Level 4.8 Fighting
 + Level 1.6 Short Blades
 + Level 4.8 Long Blades
 + Level 1.6 Axes
 + Level 1.6 Maces & Flails
 + Level 1.6 Polearms
 + Level 1.6 Staves
 + Level 1.6 Slings
 + Level 1.6 Bows
 + Level 1.6 Crossbows
 + Level 1.6 Throwing
 + Level 3.0 Armour
 + Level 4.8 Dodging
 + Level 1.6 Stealth
 + Level 1.6 Shields
 + Level 1.6 Unarmed Combat
 + Level 5.2 Spellcasting
 + Level 1.2 Conjurations
 + Level 1.2 Hexes
 + Level 5.5 Charms
 + Level 1.2 Summonings
 + Level 1.2 Necromancy
 + Level 1.2 Translocations
 + Level 1.2 Transmutations
 + Level 1.2 Fire Magic
 + Level 1.2 Ice Magic
 + Level 1.2 Air Magic
 + Level 1.2 Earth Magic
 + Level 1.2 Poison Magic
 + Level 1.8 Invocations
 + Level 1.6 Evocations


You had 3 spell levels left.
You knew the following spells:

 Your Spells              Type           Power        Failure   Level  Hunger
h - Regeneration          Chrm/Necr      ##........   21%         3    ###....
n - Spectral Weapon       Hex/Chrm       ##......     21%         3    ###....
p - Shroud of Golubria    Chrm/Tloc      ##....       10%         2    ##.....
u - Song of Slaying       Chrm           ###.....     4%          2    ##.....
y - Infusion              Chrm           ###.         2%          1    None

Your spell library contained the following spells:

 Spells                   Type           Power        Failure   Level  Hunger


Dungeon Overview and Level Annotations

Branches:
Dungeon (5/15)              Sewer (1/1)
 Temple: D:4-7

Altars:
Xom
Yredelemnul

Shops:
D:4 %


Innate Abilities, Weirdness & Mutations

Your experience applies equally to all skills.
You have very sharp teeth.
Your uncanny sense of smell can sniff out nearby items.


Message History

Your song is almost over.
The ball python misses you.
You riposte.
You slash the ball python!
You kill the ball python!
Yredelemnul accepts your kill. You block the river rat's attack.
Your shroud bends the river rat's attack away.
The rat closely misses you.
The rat twitches its whiskers.
You hit the rat.
You kill the rat!
Yredelemnul accepts your kill.
The river rat bites you but does no damage.
The river rat closely misses you. The rat barely misses you.
Unknown command.
You slash the rat!
You kill the rat!
Yredelemnul accepts your kill. The river rat bites you!
You die...
Your body rises from the dead as a mindless zombie.

.. ∆∆ ∆∆∆ ..# .S.#
....####################
......≈≈≈≈≈#≈#≈≈≈≈≈≈≈..###
#.....r≈≈≈≈..≈≈≈≈≈≈≈≈....##
#....≈≈≈≈rrr)≈≈≈≈≈≈≈≈.....##
#.....≈≈≈≈≈†r.≈≈≈≈≈≈≈≈.....#
##...≈≈≈≈≈r@≈.≈≈≈≈≈≈≈......#
###.#≈≈≈≈≈≈≈#≈≈≈≈≈≈≈#.....#
# ##################....#
####...# #..#.... #..'....
#####... ##...#
####################....#


You could see 2 river rats and 4 rats.

Vanquished Creatures
  7 river rats (Sewer)
  6 adders
  2 worms (D:3)
  A dart slug (D:1)
  A leopard gecko (D:1)
  3 giant cockroaches (D:3)
  7 goblins
  8 hobgoblins
  A quokka (D:3)
  7 ball pythons (Sewer)
  7 bats
  5 frilled lizards
  7 kobolds
  21 rats
83 creatures vanquished.

Notes
Turn   | Place    | Note
-------+----------+-------------------------------------------
     0 | D:1      | FishyPogo the Gnoll Skald began the quest for the Orb.
     0 | D:1      | Reached XP level 1. HP: 20/20 MP: 6/6
     0 | D:1      | Noticed a vampire
     2 | D:1      | Noticed a spriggan
     4 | D:1      | Noticed an ogre
     6 | D:1      | Noticed an ogre
     7 | D:1      | Noticed a naga
     8 | D:1      | Noticed an octopode
     9 | D:1      | Noticed a felid
    11 | D:1      | Noticed a draconian
    15 | D:1      | Noticed a dwarf
    15 | D:1      | Noticed a vampire
    17 | D:1      | Noticed a spriggan
    17 | D:1      | Noticed a human
    19 | D:1      | Noticed a vampire
   197 | D:1      | Reached XP level 2. HP: 26/26 MP: 7/7
   917 | D:2      | Found a shimmering altar of Xom.
  1008 | D:2      | Reached skill level 5 in Spellcasting
  1008 | D:2      | Reached XP level 3. HP: 25/31 MP: 7/9
  1077 | D:2      | Found a faded altar of an unknown god.
  1079 | D:2      | Became a worshipper of Yredelemnul the Dark
  1079 | D:2      | Reached * piety under Yredelemnul
  1483 | D:2      | Reached skill level 1 in Invocations
  1697 | D:3      | Reached skill level 1 in Short Blades
  1697 | D:3      | Reached skill level 1 in Axes
  1697 | D:3      | Reached skill level 1 in Maces & Flails
  1697 | D:3      | Reached skill level 1 in Polearms
  1697 | D:3      | Reached skill level 1 in Staves
  1697 | D:3      | Reached skill level 1 in Slings
  1697 | D:3      | Reached skill level 1 in Bows
  1697 | D:3      | Reached skill level 1 in Crossbows
  1697 | D:3      | Reached skill level 1 in Throwing
  1697 | D:3      | Reached skill level 1 in Stealth
  1697 | D:3      | Reached skill level 1 in Shields
  1697 | D:3      | Reached skill level 1 in Unarmed Combat
  1697 | D:3      | Reached skill level 1 in Evocations
  1717 | D:3      | Reached XP level 4. HP: 38/38 MP: 7/11
  1749 | D:3      | You fall into a shaft and drop 2 floors!
  1749 | D:5      | Entered Level 5 of the Dungeon
  1757 | D:4      | Found Gygum's Food Boutique.
  2017 | D:3      | Reached ** piety under Yredelemnul
  2017 | D:3      | Reached skill level 1 in Conjurations
  2017 | D:3      | Reached skill level 1 in Hexes
  2017 | D:3      | Reached skill level 1 in Summonings
  2017 | D:3      | Reached skill level 1 in Necromancy
  2017 | D:3      | Reached skill level 1 in Translocations
  2017 | D:3      | Reached skill level 1 in Transmutations
  2017 | D:3      | Reached skill level 1 in Fire Magic
  2017 | D:3      | Reached skill level 1 in Ice Magic
  2017 | D:3      | Reached skill level 1 in Air Magic
  2017 | D:3      | Reached skill level 1 in Earth Magic
  2017 | D:3      | Reached skill level 1 in Poison Magic
  2083 | D:3      | Found a glowing drain.
  2095 | Sewer    | Entered a sewer
  2128 | Sewer    | Reached XP level 5. HP: 13/43 MP: 8/12
  2134 | Sewer    | Learned a level 2 spell: Song of Slaying
  2137 | Sewer    | Learned a level 2 spell: Shroud of Golubria
  2141 | Sewer    | Learned a level 3 spell: Regeneration
  2145 | Sewer    | Learned a level 3 spell: Spectral Weapon
  2318 | Sewer    | Slain by a river rat

Levels and vault maps discovered:
D:1:      shiori_arrival_whats_in_store_for_you, layout_basic, serial_curves,
          eino_curves_04, eino_curves_03
D:2:      layout_basic, xom_teletrap_fun, chequers_ecumenical_altar_twisty,
          first_ration, minmay_goblin_kobold_house
D:3:      layout_basic, cheibrodos_sewer_entry_bend, minmay_door_square,
          corexii_item_surrounded_by_moat, st_stairs_3
D:4:      layout_loops_cross, kennysheep_mini_moat, minmay_temple_entry_statues,
          serial_shops, shop
D:5:      minmay_clustersquares, layout_basic, minmay_lizard_king,
          uniq_prince_ribbit1
Sewer:    sewer_minmay_w

Skill      XL: |  1  2  3  4  5 |
---------------+----------------+-----
Spellcasting   | 5 |  5.2
Invocations    | 1 |  1.8
Short Blades   | 1 |  1.6
Axes           | 1 |  1.6
Maces & Flails | 1 |  1.6
Polearms       | 1 |  1.6
Staves         | 1 |  1.6
Slings         | 1 |  1.6
Bows           | 1 |  1.6
Crossbows      | 1 |  1.6
Throwing       | 1 |  1.6
Stealth        | 1 |  1.6
Shields        | 1 |  1.6
Unarmed Combat | 1 |  1.6
Evocations     | 1 |  1.6
Conjurations   | 1 |  1.2
Hexes          | 1 |  1.2
Summonings     | 1 |  1.2
Necromancy     | 1 |  1.2
Translocations | 1 |  1.2
Transmutations | 1 |  1.2
Fire Magic     | 1 |  1.2
Ice Magic      | 1 |  1.2
Air Magic      | 1 |  1.2
Earth Magic    | 1 |  1.2
Poison Magic   | 1 |  1.2
Armour         | 3 |  3.0
Fighting       | |  4.8
Long Blades    | |  4.8
Dodging        | |  4.8
Charms         | |  5.5

Action                   |  1- 3 |  4- 6 || total
-------------------------+-------+-------++-------
Melee: Falchion          |    81 |    88 ||   169
       Bite              |     9 |     6 ||    15
 Cast: Infusion          |     3 |     3 ||     6
       Regeneration      |       |     7 ||     7
       Song of Slaying   |       |     2 ||     2
       Shroud of Golubri |       |     1 ||     1
 Abil: Evoke Flight      |       |     3 ||     3
  Use: Scroll            |     4 |       ||     4
       Potion            |       |     1 ||     1
 Stab: Sleeping          |     4 |     1 ||     5
  Eat: Chunk             |     3 |     2 ||     5
Armor: Leather armour    |    28 |    69 ||    97
Dodge: Dodged            |    49 |   124 ||   173
Block: Buckler           |     6 |    39 ||    45
       Rpst.: Falchion   |    16 |    38 ||    54
